 Dungeon Crawl Stone Soup version 0.26-a0-682-g294304f6e8 (webtiles) character file.

Game seed: 12303847511545281332

543 Ijustatesigmund the Cutter (level 7, -8/37 HPs)
             Began as a Spriggan Warper on Oct 20, 2020.
             Mangled by an ogre
             ... wielding a +0 giant club
              (29 damage)
             ... on level 5 of the Dungeon.
             The game lasted 00:13:21 (6353 turns).

Ijustatesigmund the Cutter (Spriggan Warper)        Turns: 6353, Time: 00:13:21

Health: -8/37      AC:  3    Str:  7    XL:     7   Next: 6%
Magic:  12/12      EV: 19    Int: 15    God:
Gold:   341        SH:  0    Dex: 17    Spells: 9/11 levels left

rFire    . . .     SeeInvis +   a - +1 short sword
rCold    . . .     Faith    .   (shield restricted)
rNeg     . . .     Spirit   .   b - +1 robe
rPois    .         Reflect  .   (helmet restricted)
rElec    .         Harm     .   (no cloak)
rCorr    .         Rampage  .   (gloves unavailable)
MR       +....     Rnd*Tele +   (boots unavailable)
Stlth    +++.......             (no amulet)
HPRegen  0.12/turn              s - ring of teleportation (curse)
MPRegen  0.13/turn              r - +4 ring of slaying

@: very quick
A: very small, unfitting armour, see invisible, speed 3
a: no special abilities


You were on level 5 of the Dungeon.
You visited 1 branch of the dungeon, and saw 5 of its levels.
You also visited: Ossuary.

You collected 341 gold pieces.

Inventory:

Hand Weapons
 a - a +1 short sword (weapon)
Missiles
 e - 5 boomerangs of dispersal
 f - 8 boomerangs
 l - 9 poisoned darts
 q - 3 atropa-tipped darts (quivered)
Armour
 b - a +1 robe (worn)
Jewellery
 g - an uncursed ring of flight
 r - a +4 ring of slaying (right hand)
 s - a cursed ring of teleportation (left hand)
Scrolls
 c - 2 scrolls of immolation
 d - a scroll of blinking
 m - 2 scrolls of identify
 t - a scroll of enchant armour
Potions
 h - a potion of lignification
 i - a potion of magic
 j - 3 potions of haste
 k - 3 potions of stabbing
 n - a potion of curing
 o - a potion of might
 p - a potion of resistance


   Skills:
 - Level 4.0 Fighting
 + Level 5.9 Short Blades
 - Level 1.0 Throwing
 + Level 3.7 Dodging
 + Level 4.5 Stealth
 - Level 2.6 Spellcasting
 - Level 4.4 Translocations


You had 9 spell levels left.
You knew the following spells:

 Your Spells              Type           Power        Failure   Level
a - Blink                 Tloc           N/A          5%          2

Your spell library contained the following spells:

 Spells                   Type           Power        Failure   Level
 Gell's Gravitas          Tloc           ###.......   11%         3
 Lesser Beckoning         Tloc           ###.......   11%         3
 Teleport Other           Tloc           ###.....     11%         3
 Passage of Golubria      Tloc           N/A          34%         4


Dungeon Overview and Level Annotations

Branches:
Dungeon (5/15)             Temple (0/1) D:5         Ossuary (visited)

Altars:
Cheibriados
Xom
Yredelemnul


Innate Abilities, Weirdness & Mutations

You are very small and have problems with some larger weapons.
You are too small for most types of armour.
You have supernaturally acute eyesight. (SInv)
You cover ground extremely quickly.


Message History

The ogre is moderately wounded.
The ogre misses you.
You hit the ogre but do no damage.
The ogre is moderately wounded.
The ogre closely misses you.
You barely miss the ogre.
The ogre is moderately wounded.
You hit the ogre.
The ogre is moderately wounded.
The ogre hits you with a +0 giant club!
You completely miss the ogre.
The ogre is moderately wounded.
The ogre closely misses you.
You hit the ogre.
The ogre is heavily wounded.
You hit the ogre.
The ogre is severely wounded.
The ogre hits you with a +0 giant club!!
Ouch! That really hurt!
You die...

#.####### #.## #.# #..# #.#
#.(# # #.# #..# . #.# #..# .#
#.# ###########..##.#
##.####### #........<......#
#........###(#######)......#
..8##...####.##.@.# #[##.####
...###..##......(O....##.##.#
...8 ##.#....##../###.##.##.#
...# #...#..###(## #.##.# ..8
#.#....###.# #.##.# >##
#.##.#.....# #.##.# ###
#.##.#.##### #..# .#
#.##.#.#####.# #..#
#######...........)# #..#


You could see an ogre.

Vanquished Creatures
  A sky beast (D:5)
  2 centaur zombies (Ossuary)
  2 bullfrog zombies (D:5)
  3 worker ants
  2 big kobold zombies (Ossuary)
  A hound zombie (Ossuary)
  A hound skeleton (D:5)
  3 mummies (Ossuary)
  3 adders
  An adder zombie (Ossuary)
  2 worms (D:3)
  A dart slug (D:3)
  2 leopard geckos
  11 orcs
  8 bats
  7 giant cockroaches
  2 gnoll zombies (Ossuary)
  9 goblins
  10 hobgoblins
  3 jackals (D:5)
  A quokka (D:5)
  2 ball pythons (D:2)
  5 frilled lizards
  7 goblin zombies (Ossuary)
  3 hobgoblin zombies (Ossuary)
  A jackal skeleton (D:3)
  2 jackal zombies (Ossuary)
  7 kobolds
  2 kobold zombies (Ossuary)
  2 orc zombies (Ossuary)
  2 quokka zombies (Ossuary)
  7 rats
  6 rat zombies (Ossuary)
121 creatures vanquished.

Notes
Turn   | Place    | Note
-------+----------+-------------------------------------------
     0 | D:1      | Ijustatesigmund the Spriggan Warper began the quest for the
                  | Orb.
     0 | D:1      | Reached XP level 1. HP: 10/10 MP: 5/5
    86 | D:1      | Reached skill level 1 in Stealth
   444 | D:1      | Reached XP level 2. HP: 14/14 MP: 6/6
   710 | D:1      | Learned a level 2 spell: Blink
   982 | D:1      | Reached skill level 3 in Short Blades
  1426 | D:2      | Reached XP level 3. HP: 18/18 MP: 8/8
  1541 | D:2      | Found a shimmering altar of Xom.
  2683 | D:3      | Found a basalt altar of Yredelemnul.
  2712 | D:3      | Reached XP level 4. HP: 9/23 MP: 9/9
  3965 | D:4      | Reached skill level 4 in Short Blades
  3965 | D:4      | Reached XP level 5. HP: 22/27 MP: 10/10
  4140 | D:4      | Found a snail-covered altar of Cheibriados.
  4410 | D:4      | Found a transporter.
  4520 | D:4      | Found a transporter.
  4591 | D:4      | Noticed a fire bat
  4591 | D:4      | Noticed a fire bat
  4654 | D:5      | Entered Level 5 of the Dungeon
  4746 | D:5      | Found a staircase to the Ecumenical Temple.
  4747 | D:5      | Noticed a sky beast
  4765 | D:5      | Killed a sky beast
  4765 | D:5      | Reached XP level 6. HP: 14/32 MP: 11/11
  5021 | D:5      | Reached skill level 5 in Short Blades
  5072 | D:5      | Found a sand-covered staircase.
  5189 | Ossuary  | Entered an ossuary
  6117 | D:5      | Reached XP level 7. HP: 28/37 MP: 12/12
  6353 | D:5      | Mangled by an ogre

Illustrated notes

Levels and vault maps discovered:
D:1:      dpeg_arrival_line_fractal, layout_loops_ring, minmay_distorted
D:2:      layout_basic, brannock_xom_greatest_gift,
          chequers_serial_rivers_room_a, minmay_worlds_worst_comb
D:3:      layout_basic, yredelemnul_altar_generic
D:4:      gammafunk_cloud_chamber, layout_loops_ring, kennysheep_mini_moat
D:5:      kennysheep_big_flooded_room, layout_loops_ring,
          nicolae_overflow_hidden_temple, minmay_temple_entry_mist,
          nicolae_ossuary_entry_monument

Skill      XL: |  1  2  3  4  5  6 |
---------------+-------------------+-----
Stealth        | 1 3 4 |  4.5
Short Blades   | 3 4 5 |  5.9
Fighting       | 2 3 4 |  4.0
Throwing       | |  1.0
Dodging        | |  3.7
Spellcasting   | |  2.6
Translocations | |  4.4

Action                   |  1- 3 |  4- 6 |  7- 9 || total
-------------------------+-------+-------+-------++-------
Melee: Short sword       |   160 |   322 |    14 ||   496
Throw: Boomerang         |     1 |     3 |       ||     4
       Dart              |     3 |     5 |     4 ||    12
 Cast: Blink             |       |     1 |       ||     1
  Use: Scroll            |     7 |    13 |       ||    20
       Potion            |       |     5 |       ||     5
 Stab: Sleeping          |     8 |    11 |       ||    19
Armor: Robe              |     8 |    42 |       ||    50
Dodge: Dodged            |   126 |   280 |     7 ||   413

Table legend: (Time is in decaauts)
 A = Elapsed time spent in this place.
 B = Non-inter-level travel time spent in this place.
 C = Inter-level travel time spent in this place.
 D = Time resting spent in this place.
 E = Time spent auto-exploring this place.
 F = Levels seen in this place.
 G = Mean time per level.
                   A        B        C        D        E       F      G
               +--------+--------+--------+--------+--------+-----+--------+
         Total |   4967 |   4851 |    116 |   1536 |   2348 |   6 |  827.8 |
       Dungeon |   4334 |   4218 |    116 |   1149 |   2304 |   5 |  866.8 |
       Ossuary |    633 |    633 |      0 |    387 |     44 |   1 |  633.0 |
               +--------+--------+--------+--------+--------+-----+--------+

Top non-repeatable levels by time:
     D:2: 1008 daAuts
     D:1: 946 daAuts
     D:3: 891 daAuts
     D:5: 804 daAuts
     D:4: 684 daAuts
 Ossuary: 633 daAuts
